[Event "44th Chess Olympiad Women 2022"]
[Site "Chennai"]
[Date "2022.08.03"]
[Round "6.58"]
[White "Dhimal, Shanti"]
[Black "Reitumetse Taioe"]
[Result "0-1"]
[WhiteElo "1499"]
[BlackElo "1180"]
[Annotator "NA RC"]
[PlyCount "68"]
[EventDate "2022.??.??"]
[TimeControl "60"]

1. e4 e6 2. Nf3 d5 3. exd5 exd5 4. Bd3 Nf6 5. h3 Be7 6. O-O O-O 7. b3 c5 8. c3 b6 9. Bb2 Bb7 10. Be2 Nc6 11. d4 Rc8 12. Na3 Re8 13.
Bd3 h6 14. Nh4 cxd4 15. cxd4 Nxd4 16. Bxd4 Bxa3 17. Qf3 Ne4 18. Qg4 Qg5 19. Nf5 Bf8 20. f3 Qxg4 21. hxg4 Ng5 22. Kh1 Ne6 23. Bf2 Nf4 24. Bb5 Red8 25. Rfe1 Rc2 26. Bg3 Nxg2 27. Re5 d4 28. Be2 d3 29. Kxg2 Rxe2+ 30. Rxe2 dxe2 31. Be1 Rd3 32. Bf2 Rd1 33. Ng3 Rxa1 34. Nxe2 Rxa2 0-1

[Event "44th Chess Olympiad Women 2022"]
[Site "Chennai"]
[Date "2022.08.03"]
[Round "6.58"]
[White "Leboela, Maboloko"]
[Black "Adhikari, Kritisara"]
[Result "1-0"]
[WhiteElo "1253"]
[BlackElo "1552"]
[Annotator "NA RC"]
[PlyCount "135"]
[EventDate "2022.??.??"]
[TimeControl "60"]

1. d4 Nf6 2. c4 g6 3. Nf3 Bg7 4. g3 O-O 5. Bg2 d6 6. Nc3 Nbd7 7. O-O c5 8. d5 a6 9. Bf4 Rb8 10. a4 Nh5 11. Bd2 b6 12. Qc1 Re8 13. Bh6 Bh8 14. Qd2 Ndf6 15.
h3 Bd7 16. e4 Qc7 17. Rac1 b5 18. axb5 axb5 19. cxb5 Bxb5 20. Rfe1 Nd7 21. g4 Nhf6 22. b4 Qd8 23. bxc5 Nxc5 24. Rcd1 Nfd7 25. Nxb5 Rxb5 26. Qf4 Ne5 27. Qg3 Rb3 28. Re3 Qb6 29. Nxe5 Bxe5 30. Rxb3 Qxb3 31. Qxb3 Nxb3 32. f4 Bd4+ 33. Kh2 Bc5 34. f5 f6 35. Rb1 Nd2 36. Bxd2 Kf7 37. Rb7 Ra8 38. Bb4 Bd4 39. Bxd6 Ra7 40. Rxa7 Bxa7 41. Bc7 Bc5 42. Kg3 Ke8 43. Kf4 Kd7 44. Ba5 g5+ 45. Kf3 Kd6 46. Be1 Kd7 47. Bf2 Bd6 48. Bf1 Bb4 49. Bb5+ Kc7 50. Bd4 Bd6 51. Bf2 Bb4 52. h4 h6 53. hxg5 hxg5 54. Ke2 Bd6 55. Kd3 Be5 56. Kc4 Bf4 57. Bc6 Be5 58. Kb5 Bd6 59. Ka6 Ba3 60. Bb6+ Kd6 61. Bd8 Ke5 62. Bc7+ Kxe4 63. d6+ Kf4 64. d7+ Kxg4 65. d8=Q Kxf5 66. Qd7+ Kg6 67. Be4+ Kh5 68. Qh3# 1-0

[Event "44th Chess Olympiad Women 2022"]
[Site "Chennai"]
[Date "2022.08.03"]
[Round "6.58"]
[White "Lohani, Sujana"]
[Black "Malehloa, Likhomo"]
[Result "1-0"]
[WhiteElo "1697"]
[BlackElo "1322"]
[Annotator "NA RC"]
[PlyCount "207"]
[EventDate "2022.??.??"]
[TimeControl "60"]

1. d4 Nf6 2. Nf3 e6 3. c4 b6 4. g3 Bb7 5. Bg2 Be7 6. O-O O-O 7. Nc3 d5 8. cxd5 exd5 9. Qc2 Nbd7 10. Rd1 Re8 11. Bf4 a6 12. Ne5 Rc8 13.
Qf5 g6 14. Qd3 c6 15. Rac1 Nh5 16. Bd2 Nxe5 17. dxe5 Bc5 18. Na4 Bf8 19. f4 a5 20. Be3 b5 21. Nc5 Ba8 22. Bh3 Bxc5 23. Bxc5 Rb8 24. Qa3 f5 25. Bg2 Ng7 26. e4 fxe4 27. Bxe4 Ne6 28. Bf2 Rc8 29. Bf3 Ng7 30. Qb3 Qd7 31. h4 Qe6 32. Qd3 Rcd8 33. Bb6 Rc8 34. Bxa5 Qh3 35. Bg2 Qg4 36. Qf3 Qe6 37. Kh2 Qf7 38. Bb4 h5 39. Bh3 Nf5 40. Bxf5 Qxf5 41. Qd3 Qf7 42. Bc5 Kg7 43. Rc3 Rcd8 44. Qd4 Qe6 45. Ra3 Rd7 46. b4 Kh6 47. Rdd3 Qg4 48. Qe3 Qf5 49. Ra7 Rxa7 50. Bxa7 Bb7 51. Bc5 Bc8 52. Rd2 Bd7 53. Qd3 Qh3+ 54. Kg1 Bf5 55. Qe3 Be4 56. Rh2 Qg4 57. Rd2 Qh3 58. Kf2 Qg2+ 59. Ke1 Qh1+ 60. Qg1 Qf3 61. Qf2 Qc3 62. Qe3 Qc1+ 63. Rd1 Qb2 64. Qd2 Qa3 65. Be3 Kh7 66. Rc1 Re6 67. Kf2 Qa8 68. Rc3 Qf8 69. Ke1 Qf5 70. Ra3 Re7 71. Qd4 Qh3 72. Bf2 Qh1+ 73. Kd2 Qb1 74. Qc3 Qf1 75. Be1 Qg2+ 76. Kc1 Qe2 77. Qd2 Qg4 78. Ra6 Qc8 79. Ra5 Qf5 80. Ra8 Qd7 81. Qd4 Qb7 82. Rf8 Rf7 83. Rxf7+ Qxf7 84. e6 Qxe6 85. Bc3 Qg8 86. Qa7+ Kh6 87. Bf6 g5 88. Bxg5+ Kg6 89. Qd4 Kf5 90. Qf6+ Kg4 91. Qxc6 Qh8 92. Bf6 Qh6 93. Qc3 Qf8 94. Kd2 Qa8 95. a3 Qb7 96. Ke2 Qa8 97. Bd4 Qe8 98. Kf2 Qd7 99. Qc5 Bg6 100. Qb6 Qf5 101. Qxb5 Qb1 102. Qe2+ Kf5 103. g4+ hxg4 104. Qe5# 1-0

[Event "44th Chess Olympiad Women 2022"]
[Site "Chennai"]
[Date "2022.08.03"]
[Round "6.58"]
[White "Thetsane Nteboheleng"]
[Black "Neupane, Anisha"]
[Result "*"]
[WhiteElo "1259"]
[BlackElo "1488"]
[Annotator "NA RC"]
[PlyCount "131"]
[EventDate "2022.??.??"]
[TimeControl "60"]

1. e4 c5 2. Nf3 d6 3. d4 cxd4 4. Nxd4 Nc6 5. Nb3 g6 6. Nc3 Bg7 7. Bc4 Nf6 8. f3 Bd7 9. Be3 a6 10. Qd2 Rc8 11. Be2 O-O 12. g4 Ne5 13.
O-O-O Nc4 14. Bxc4 Rxc4 15. g5 Nh5 16. Qd5 b5 17. Qd2 Be6 18.
Qd3 Rc8 19. f4 Bxb3 20. axb3 Qa5 21. Nd5 Rfe8 22. Kb1 Rc6 23. Bb6 Rxb6 24. b4 Qa4 25. Nxb6 Qxb4 26. c3 Qc5 27. Nd5 e6 28. Nf6+ Nxf6 29. gxf6 Bxf6 30. Qxd6 Qc4 31. e5 Bh4 32. Rd4 Qe2 33. Qc6 Rf8 34. f5 Bf2 35. Qg2 Qe3 36. f6 b4 37. Rf1 Qxe5 38.
Qxf2 bxc3 39. Qf4 Qb5 40. Rb4 Qd3+ 41. Ka1 cxb2+ 42. Rxb2 Qa3+ 43. Kb1 Qd3+ 44. Ka2 Qd5+ 45. Rb3 Qa5+ 46. Kb1 Qh5 47. Rff3 e5 48. Qd2 Qh4 49. Qb4 Qxb4 50. Rxb4 h5 51. Re3 Re8 52. Rb6 Re6 53. Rxe6 fxe6 54. Rxe5 Kf7 55. Ra5 Kxf6 56. Kc2 g5 57. Kd3 Kg6 58. Ke4 Kf6 59. Rxa6 h4 60. h3 g4 61. hxg4 Kg5 62. Rxe6 Kxg4 63. Rg6+ Kh3 64. Kf4 Kh2 65. Rh6 Kh3 66. Kf3 *

[Event "44th Chess Olympiad Women 2022"]
[Site "Chennai"]
[Date "2022.08.03"]
[Round "6.59"]
[White "Yavo Tchetche, Marie"]
[Black "Henderson de La Fuente, Andrea"]
[Result "0-1"]
[WhiteElo "1313"]
[BlackElo "1962"]
[Annotator "NA RC"]
[PlyCount "72"]
[EventDate "2022.??.??"]
[TimeControl "60"]

1. d4 Nf6 2. c4 e6 3. a3 d5 4. Nf3 dxc4 5. Qa4+ Nbd7 6. Nc3 Be7 7. e4 O-O 8. Qxc4 c5 9. Be2 a6 10. dxc5 Nxc5 11. e5 b5 12. Qd4 Nb3 13. Qxd8 Bxd8 14. Rb1 Nd5 15. Ne4 Be7 16. O-O Nxc1 17. Rbxc1 Nf4 18. Rfe1 Bb7 19. Bf1 Rac8 20. Ned2 h6 21. g3 Nd5 22. Bg2 b4 23. Nc4 bxa3 24. Nxa3 Nb4 25. Red1 Bd5 26. Nd4 Rxc1 27. Rxc1 Nd3 28. Rc7 Bc5 29. Nac2 Bb6 30. Rd7 Nxe5 31. Rd6 Nc4 32. Rd7 Bxg2 33. Kxg2 Nxb2 34. Nc6 a5 35. Ne5 Rd8 36. Rxf7 Rd2 0-1

[Event "44th Chess Olympiad Women 2022"]
[Site "Chennai"]
[Date "2022.08.03"]
[Round "6.60"]
[White "Burbach, Anya Belle"]
[Black "Abdul Rasheed, Mariyam Laisa"]
[Result "1-0"]
[WhiteElo "1375"]
[BlackElo "1145"]
[Annotator "NA RC"]
[PlyCount "113"]
[EventDate "2022.??.??"]
[TimeControl "60"]

1. e4 c5 2. d4 cxd4 3. c3 d3 4. Bxd3 d6 5. c4 Nf6 6. Nc3 g6 7. h3 Bg7 8. Nf3 Nc6 9. O-O O-O 10. Be3 Bd7 11. Qd2 Re8 12. Rac1 Rc8 13.
Rfd1 a6 14. b3 Qa5 15. c5 dxc5 16. e5 Nh5 17. g4 Qb4 18. Nd5 Qxd2 19. Rxd2 Nxe5 20. Nxe5 Bxe5 21. gxh5 Bxh3 22. hxg6 hxg6 23.
Nf4 Bg4 24. Be4 b6 25. f3 Bf5 26. Bxf5 gxf5 27. Rg2+ Kf8 28. Nd5 Rc6 29. Kf2 Rd8 30. Nf4 Rcd6 31. Rcg1 e6 32. Rg8+ Ke7 33. Rxd8 Rxd8 34. Ke2 Bd4 35. Nd3 Bxe3 36. Kxe3 Rd4 37. Rc1 a5 38. Rc4 Rxc4 39. bxc4 Kd6 40. a4 f6 41. Nf4 Ke5 42. Nh5 Kd6 43. Nxf6 Ke7 44. Nh5 Kf7 45. Nf4 e5 46. Nd5 Kg6 47. Nxb6 Kg5 48. Nd7 f4+ 49. Ke4 Kh4 50. Nxc5 Kg3 51. Nd3 Kg2 52. c5 Kf1 53. c6 Ke2 54. c7 Kd1 55. c8=Q Kd2 56. Qc1+ Ke2 57. Qe1# 1-0

[Event "44th Chess Olympiad Women 2022"]
[Site "Chennai"]
[Date "2022.08.03"]
[Round "6.60"]
[White "Kiyan Mohamed, Usamath"]
[Black "Buhagiar, Melita Sunan"]
[Result "*"]
[WhiteElo "1100"]
[BlackElo "1431"]
[Annotator "NA RC"]
[PlyCount "112"]
[EventDate "2022.??.??"]
[TimeControl "60"]

1. e4 c5 2. Nf3 d6 3. d4 cxd4 4. Nxd4 Nf6 5. Nc3 a6 6. Be3 e6 7. f3 b5 8. a3 Bb7 9. Bd3 Be7 10. Qd2 Nbd7 11. O-O O-O 12. Qe2 Rc8 13. Bd2 Qc7 14. b4 Nb6 15. Rfc1 Nfd7 16. Qe3 Ne5 17. Nd1 Nec4 18. Bxc4 Nxc4 19. Qd3 Qb6 20. Kh1 Nxd2 21. Qxd2 Bf6 22. c3 d5 23. exd5 Bxd5 24. Ne2 Rfd8 25. Qe3 Qb7 26. Nf4 Bg5 27. Nf2 Qb8 28. N2h3 Bh6 29. Re1 f6 30. g3 e5 31. Rac1 exf4 32. gxf4 Qb7 33. Kg2 Rd7 34. Rc2 Rcd8 35. Ng1 Bc4 36. Kg3 Qd5 37. Qd4 Qxd4 38.
cxd4 Rxd4 39. Re3 Bxf4+ 40. Kf2 Bxe3+ 41. Kxe3 f5 42. Nh3 h6 43. f4 Rd3+ 44. Kf2 Rxh3 45. Kg2 Rhd3 46. Kg1 Rd1+ 47. Kg2 R1d2+ 48. Rxd2 Rxd2+ 49. Kg3 g5 50. fxg5 hxg5 51. h3 Rd3+ 52. Kg2 Kf7 53. Kh2 Ke6 54. Kg2 Ke5 55. Kh2 Kf4 56. Kg2 Rd2+ *

[Event "44th Chess Olympiad Women 2022"]
[Site "Chennai"]
[Date "2022.08.03"]
[Round "6.60"]
[White "Nuha, Rilwan"]
[Black "Khantree, Napat"]
[Result "0-1"]
[WhiteElo "1068"]
[BlackElo "1362"]
[Annotator "NA RC"]
[PlyCount "94"]
[EventDate "2022.??.??"]
[TimeControl "60"]

1. e4 e5 2. Nf3 Nc6 3. Bc4 Bc5 4. Nc3 Nf6 5. d3 h6 6. O-O O-O 7. Be3 Bb6 8. a3 d6 9. h3 Be6 10. Ba2 Nd4 11. Na4 Nc6 12. c3 Bxe3 13.
fxe3 b5 14. b4 bxa4 15. Qxa4 Bxa2 16. Rxa2 Ne7 17. Raf2 Qd7 18. Qb3 Qb5 19. c4 Qb6 20. Re2 Ng6 21. Qd1 Nh5 22. Qe1 Qc6 23. Nh4 Nxh4 24. Qxh4 Nf6 25. Rf3 Nh7 26. Ref2 Qd7 27. Rg3 Qe6 28. Rf5 Ng5 29. Qh5 f6 30. h4 Qf7 31. Qe2 Ne6 32. Rh5 Kh7 33.
Rf5 Qd7 34. Qf2 Qa4 35. Qa2 Qd1+ 36. Kh2 Qxd3 37. c5 Rae8 38. cxd6 cxd6 39. Qd5 Qxd5 40. exd5 Nc7 41. e4 Rc8 42. Rff3 Nb5 43. a4 Nd4 44. Ra3 Rc4 45. b5 Rfc8 46. h5 Ne2 47. Rge3 Nc3 0-1

[Event "44th Chess Olympiad Women 2022"]
[Site "Chennai"]
[Date "2022.08.03"]
[Round "6.60"]
[White "Prommuang, Araya"]
[Black "Nihaya, Ahmed"]
[Result "0-1"]
[WhiteElo "1651"]
[BlackElo "1233"]
[Annotator "NA RC"]
[PlyCount "58"]
[EventDate "2022.??.??"]
[TimeControl "60"]

1. e4 e5 2. Nf3 Nc6 3. Bb5 d6 4. d4 exd4 5. Nxd4 Bd7 6.
Nxc6 bxc6 7. Bc4 Nf6 8. O-O Be7 9. Nc3 O-O 10. f4 Bg4 11.
Qe1 d5 12. Bd3 dxe4 13. Nxe4 Re8 14. Qf2 Qd5 15. Nxf6+ Bxf6 16. Be3 Rxe3 17. Kh1 Bd4 18. Qd2 Rae8 19. c4 Qd6 20. Rae1 c5 21. Rxe3 Rxe3 22. Qc2 h5 23. h3 Bd7 24. b3 Bc6 25. Kh2 Qf6 26. g3 h4 27. g4 g5 28. Bh7+ Kg7 29. Rf2 Rc3 0-1

[Event "44th Chess Olympiad Women 2022"]
[Site "Chennai"]
[Date "2022.08.03"]
[Round "6.61"]
[White "Hadeel Mohammad Kalandar"]
[Black "Razafindrabe, Bakoly"]
[Result "0-1"]
[WhiteElo "1083"]
[BlackElo "1238"]
[Annotator "NA RC"]
[PlyCount "92"]
[EventDate "2022.??.??"]
[TimeControl "60"]

1. e4 e5 2. Nc3 Nf6 3. Nf3 Nc6 4. Bb5 a6 5. Ba4 b5 6. Bb3 Bc5 7. d3 h6 8. O-O O-O 9. Qe1 Bb7 10. Be3 Bxe3 11. Qxe3 Re8 12. Qd2 d6 13. Rfe1 Ne7 14. Re2 Ng6 15. h3 b4 16. Nd5 Nxd5 17. Bxd5 Bxd5 18. exd5 a5 19. Rae1 Nf4 20. Re4 Nxd5 21. d4 Nf6 22. R4e3 e4 23. Nh2 d5 24. Rg3 Kh7 25. Ree3 Qd6 26. Qe2 g6 27. Ng4 Nh5 28. Rgf3 exf3 29. Qxf3 f5 30. Ne5 c6 31. g4 Ng7 32. gxf5 Nxf5 33. Re2 Qf6 34. Qf4 Qg5+ 35. Qxg5 hxg5 36. Kg2 Nxd4 37. Rd2 Rxe5 38. Rxd4 Re2 39. c3 bxc3 40. bxc3 Rxa2 41. Kg3 Rc2 42. Rd3 a4 43. Kg4 Rxf2 44. Rg3 a3 45. Kxg5 Rf5+ 46. Kg4 Ra4+ 0-1

[Event "44th Chess Olympiad Women 2022"]
[Site "Chennai"]
[Date "2022.08.03"]
[Round "6.61"]
[White "Nema, Rabab Ahmed"]
[Black "Razafindrabiaza, Christine"]
[Result "1/2-1/2"]
[WhiteElo "1172"]
[BlackElo "1635"]
[Annotator "NA RC"]
[PlyCount "72"]
[EventDate "2022.??.??"]
[TimeControl "60"]

1. d4 d5 2. c4 e6 3. e3 Nf6 4. Nc3 Bb4 5. Nf3 Nc6 6. a3 Bxc3+ 7. bxc3 O-O 8.
Bd3 Ne7 9. O-O b6 10. Ne5 Bb7 11. Qc2 Ng6 12. Nxg6 fxg6 13. f3 Re8 14. e4 dxe4 15. fxe4 e5 16. d5 Qd6 17. Qe2 c6 18. Kh1 cxd5 19. cxd5 Rac8 20. c4 Nd7 21. a4 Nc5 22. Ba3 Qd8 23. Bxc5 Rxc5 24. Rf2 Qc8 25. Raf1 Ba6 26. Qf3 h6 27. Qf7+ Kh7 28. Qxa7 Bxc4 29. Rf7 Rg8 30. Bxc4 Rxc4 31. d6 Qg4 32. Qxb6 Rxa4 33. d7 Rd4 34. Qc7 Rd2 35. Rg1 Qg5 36. Qc8 Rd8 1/2-1/2

[Event "44th Chess Olympiad Women 2022"]
[Site "Chennai"]
[Date "2022.08.03"]
[Round "6.61"]
[White "Raharimanana, Faratiana"]
[Black "Alazmi, Amani"]
[Result "1-0"]
[WhiteElo "1707"]
[BlackElo "1506"]
[Annotator "NA RC"]
[PlyCount "123"]
[EventDate "2022.??.??"]
[TimeControl "60"]

1. e4 c5 2. Nf3 d6 3. d4 cxd4 4. Nxd4 Nf6 5. Nc3 a6 6. Be2 e5 7. Nb3 Be6 8. Bg5 Be7 9. Bxf6 Bxf6 10. Nd5 Bxd5 11. Qxd5 Nc6 12. c3 Rc8 13. Rd1 Be7 14. O-O O-O 15. Kh1 Kh8 16. f4 Qb6 17. f5 Rcd8 18.
Rf3 Bf6 19. Rh3 Qf2 20. Qd3 d5 21. exd5 Rxd5 22. Rf3 Rxd3 23. Rxf2 Rxd1+ 24. Bxd1 Rd8 25. Be2 a5 26. a4 b6 27. g3 Ne7 28.
Bc4 Kg8 29. Kg2 Nd5 30. Bxd5 Rxd5 31. Rd2 Rxd2+ 32. Nxd2 Bd8 33. Kf3 f6 34. Ke4 Kf7 35. Nc4 Ke7 36. Kd5 Kd7 37. Nd2 Bc7 38. Ne4 Bb8 39. g4 h6 40. b4 axb4 41. cxb4 Bc7 42. h4 Bd8 43. Kc4 Kc7 44. Kb5 Kb7 45. Nd6+ Kc7 46. Ne8+ Kd7 47. Nxg7 e4 48. Kc4 e3 49. Kd3 Be7 50. b5 Bc5 51. Ne6 Kd6 52. Nxc5 Kxc5 53. Kxe3 Kb4 54. Kd4 Kxa4 55. Kc4 Ka5 56. g5 h5 57. g6 Ka4 58. g7 Ka3 59. g8=Q Kb2 60. Qg2+ Ka3 61. Qf2 Ka4 62. Qa2# 1-0

[Event "44th Chess Olympiad Women 2022"]
[Site "Chennai"]
[Date "2022.08.03"]
[Round "6.61"]
[White "Razafindratina, Mariam Clarisse"]
[Black "Alhasan, Zainah"]
[Result "1-0"]
[WhiteElo "1318"]
[BlackElo "1095"]
[Annotator "NA RC"]
[PlyCount "133"]
[EventDate "2022.??.??"]
[TimeControl "60"]

1. e4 e5 2. Nf3 Nc6 3. Bb5 Nf6 4. d3 a6 5. Bxc6 dxc6 6. Bg5 Bd6 7. O-O O-O 8. Nbd2 Be6 9. h3 h6 10. Bh4 Re8 11. Nh2 Be7 12. Ndf3 Nd7 13.
Bg3 f6 14. d4 exd4 15. Nxd4 Bc4 16. Re1 Bd6 17. Qg4 Bxg3 18. Qxg3 Ne5 19. Nf5 Qd7 20. Rad1 Bd5 21. Ng4 Kh7 22. Nxe5 Rxe5 23. c4 g6 24. f4 Ree8 25. Nh4 g5 26. fxg5 fxg5 27. Nf5 Rxe4 28. cxd5 Rxe1+ 29. Rxe1 Qxf5 30. Qxc7+ Kg6 31. g4 Qxd5 32. Qe7 Qd4+ 33. Kh2 Qf4+ 34. Kg2 Qd2+ 35. Re2 Qd5+ 36. Kh2 Qf7 37. Qd6+ Kg7 38. Re7 Qxe7 39. Qxe7+ Kg8 40. Qxb7 Rf8 41. Qb6 Re8 42. Qxa6 Rf8 43. Qc4+ Kh7 44. a4 Rf2+ 45. Kg3 Rxb2 46. Qe4+ Kg8 47. Qxc6 Rb3+ 48. Kg2 Rb2+ 49. Kf1 Rb1+ 50. Ke2 Rb2+ 51. Kd1 Rb1+ 52. Kc2 Ra1 53. Kb2 Rg1 54. Qxh6 Rg2+ 55. Kb3 Rg3+ 56. Kb4 Rf3 57. Qxg5+ Kf8 58. h4 Rd3 59. h5 Rd4+ 60. Ka5 Rd7 61. Qc5+ Kg7 62. g5 Rf7 63. Qe5+ Kf8 64. g6 Ra7+ 65. Kb4 Rb7+ 66. Ka3 Re7 67. Qh8# 1-0

[Event "44th Chess Olympiad Women 2022"]
[Site "Chennai"]
[Date "2022.08.03"]
[Round "6.62"]
[White "Magne Kouokam Sylviane"]
[Black "Tilman, Zulmira Americo"]
[Result "1/2-1/2"]
[WhiteElo "1317"]
[BlackElo "1255"]
[Annotator "NA RC"]
[PlyCount "106"]
[EventDate "2022.??.??"]
[TimeControl "60"]

1. d4 d6 2. c4 Nf6 3. Nf3 c6 4. Nc3 Qa5 5. Bd2 Qc7 6. e4 e5 7. dxe5 dxe5 8.
Be2 Be7 9. O-O O-O 10. a3 h6 11. Re1 Be6 12. Qc2 Nbd7 13. b4 a6 14. Rad1 Nb6 15. c5 Nc4 16. Bxc4 Bxc4 17. Na4 Be6 18. Nb6 Rad8 19. Bc3 Rxd1 20. Rxd1 Nd7 21. Nxd7 Bxd7 22. Bxe5 Qc8 23. Qc3 f6 24. Bd6 Bxd6 25. Rxd6 Qe8 26. Qd3 Bc8 27. Nh4 Qf7 28. Nf5 Bxf5 29. exf5 Re8 30. h3 Qc7 31. g3 Qe7 32. Rd7 Qe1+ 33. Kg2 Kh7 34. Rxb7 Re2 35. Qf3 Ra2 36. Rc7 Ra1 37. Rxg7+ Kxg7 38. Qg4+ Kf8 39. Kf3 Rxa3+ 40. Kg2 Ra2 41. Qd4 Rd2 42. Qxf6+ Ke8 43. Qxc6+ Rd7 44. Qg6+ Rf7 45. Qc6+ Kf8 46. Qxh6+ Ke8 47. Qc6+ Kd8 48.
Qa8+ Ke7 49. Qb7+ Kf6 50. Qxa6+ Kg7 51. Qg6+ Kf8 52. Qh6+ Rg7 53. Qf6+ Rf7 1/2-1/2

[Event "44th Chess Olympiad Women 2022"]
[Site "Chennai"]
[Date "2022.08.03"]
[Round "6.62"]
[White "da Silva, Sonizia A.Tilman"]
[Black "Tchouateu Tankeu Stephanie"]
[Result "1-0"]
[WhiteElo "1507"]
[BlackElo "1280"]
[Annotator "NA RC"]
[PlyCount "133"]
[EventDate "2022.??.??"]
[TimeControl "60"]

1. d4 d5 2. c4 e6 3. Nc3 Nf6 4. Bg5 Nbd7 5. cxd5 exd5 6. Nxd5 Nxd5 7. Bxd8 Bb4+ 8. Qd2 Kxd8 9. Nf3 Bxd2+ 10. Nxd2 Re8 11. e3 N7f6 12. Bc4 Be6 13. O-O Ke7 14. Nf3 Kf8 15. Ng5 Nb6 16. Nxe6+ fxe6 17. Bd3 Rad8 18. b4 e5 19. dxe5 Rxe5 20. Bc2 a6 21. Rac1 Nbd5 22. Bb3 Ne8 23. Rfd1 Rd6 24. f4 Rh5 25. g4 Rh4 26. Rxd5 Rxg4+ 27. Kf2 c6 28. Rxd6 Nxd6 29. Rd1 Rg6 30. Kf3 Rf6 31. h4 Ke7 32. e4 Rf8 33. e5 Nf5 34. h5 Rd8 35. Rg1 Nd4+ 36. Ke4 Nxb3 37. axb3 Kf7 38. Kf5 Re8 39. Rd1 g6+ 40. hxg6+ hxg6+ 41. Kg5 Re7 42. Rd6 Re6 43. Rd7+ Re7 44. Rxe7+ Kxe7 45. Kxg6 b5 46. f5 a5 47. f6+ Ke6 48. f7 a4 49. f8=Q Kxe5 50. bxa4 bxa4 51. Qc5+ Kf4 52. Qd4+ Kf3 53. Qd1+ Ke4 54. Qxa4 Kd5 55. Kf5 c5 56. Qb3+ Kd4 57. bxc5 Kxc5 58. Qc3+ Kd6 59. Kf6 Kd5 60. Qd3+ Kc5 61. Ke5 Kb4 62. Kd5 Ka5 63. Kc5 Ka4 64. Qb5+ Ka3 65. Kc4 Ka2 66. Kc3 Ka3 67. Qb3# 1-0

[Event "44th Chess Olympiad Women 2022"]
[Site "Chennai"]
[Date "2022.08.03"]
[Round "6.63"]
[White "Saraci, Ndriqona"]
[Black "Roberts, Tallulah"]
[Result "1/2-1/2"]
[WhiteElo "1425"]
[BlackElo "1536"]
[Annotator "NA RC"]
[PlyCount "62"]
[EventDate "2022.??.??"]
[TimeControl "60"]

1. e4 e6 2. d4 d5 3. exd5 exd5 4. Nf3 Bd6 5. Bd3 Ne7 6. O-O O-O 7. Nc3 c6 8. Ne2 Bf5 9. Bxf5 Nxf5 10. Bf4 Re8 11. Bxd6 Qxd6 12. Ng3 Nxg3 13. hxg3 Nd7 14. Re1 Nf6 15. Rxe8+ Rxe8 16. Ne5 Ne4 17. Qf3 f6 18. Nd3 Ng5 19. Qf4 Qxf4 20. Nxf4 Kf7 21. c3 Re7 22. f3 a5 23. a4 h6 24. Kf2 Ne6 25. Nd3 b6 26. b3 g6 27. Rh1 Kg7 28.
Re1 Kf7 29. Rh1 Kg7 30. Re1 Kf7 31. Rh1 Kg7 1/2-1/2

[Event "44th Chess Olympiad Women 2022"]
[Site "Chennai"]
[Date "2022.08.03"]
[Round "6.65"]
[White "Johnson, Daijah"]
[Black "Rayan Sedee Mohamed"]
[Result "1-0"]
[WhiteElo "1480"]
[BlackElo "1168"]
[Annotator "NA RC"]
[PlyCount "89"]
[EventDate "2022.??.??"]
[TimeControl "60"]

1. d4 d5 2. c4 c6 3. Nc3 Nf6 4. Bg5 e6 5. Nf3 g6 6. e4 dxe4 7. Nxe4 Bg7 8.
Bxf6 Bxf6 9. Nxf6+ Qxf6 10. Ne5 Nd7 11. Qf3 Qxf3 12. Nxf3 O-O 13. Be2 c5 14. O-O b6 15. Rad1 cxd4 16. Nxd4 Nc5 17. b4 Ne4 18. Bf3 Bb7 19. Rfe1 e5 20. Bxe4 Bxe4 21. Rxe4 exd4 22. Rdxd4 Rfd8 23. Kf1 f5 24. Rxd8+ Rxd8 25. Re1 Rc8 26. Rc1 b5 27. c5 Kf7 28. Rd1 Ke6 29. Rd6+ Ke7 30. Ke2 Rd8 31. Rxd8 Kxd8 32. Kd3 Kd7 33. Kd4 Ke6 34. f3 a6 35. Ke3 Kd5 36. Kf4 h6 37.
g4 Ke6 38. gxf5+ gxf5 39. c6 Kd6 40. Kxf5 Kxc6 41. Ke6 Kc7 42.
Ke7 Kc6 43. f4 Kd5 44. f5 Ke5 45. f6 1-0

[Event "44th Chess Olympiad Women 2022"]
[Site "Chennai"]
[Date "2022.08.03"]
[Round "6.65"]
[White "Pinder, Trinity"]
[Black "Ibtihal Mohammed"]
[Result "0-1"]
[WhiteElo "1183"]
[BlackElo "1445"]
[Annotator "NA RC"]
[PlyCount "120"]
[EventDate "2022.??.??"]
[TimeControl "60"]

1. d4 c5 2. e3 cxd4 3. exd4 Nf6 4. Nf3 g6 5. Be2 Bg7 6. O-O O-O 7. c4 d5 8. h3 dxc4 9. Bxc4 Nbd7 10. Be3 Nb6 11. b3 Nxc4 12. bxc4 Bf5 13. Nc3 Rc8 14. c5 b6 15. Rc1 bxc5 16. dxc5 Qa5 17. Qa4 Qxa4 18. Nxa4 Rfd8 19. c6 Be4 20. Nd4 Ne8 21. Nb5 Rxc6 22. Nxa7 Rxc1 23. Rxc1 Bd4 24. Bxd4 Rxd4 25. Nc5 Bd5 26. Nb3 Ra4 27. Nc8 Re4 28. Nc5 Re5 29. f4 Re2 30. Kf1 Rd2 31. Nxe7+ Kg7 32. Nxd5 Rxd5 33. a4 Nc7 34. Ke2 Ne6 35. Nxe6+ fxe6 36. Rd1 Ra5 37. Rd4 Kf6 38. Kf3 h6 39. g4 g5 40. fxg5+ hxg5 41. Re4 e5 42. Ke3 Ke6 43. Kd3 Kd5 44. Rb4 Kd6 45. Kc3 Rc5+ 46. Kb3 Kd5 47. Rb5 Rxb5+ 48. axb5 Kc5 49. Kc3 Kxb5 50. Kd3 Kc5 51. Ke4 Kd6 52. Kf5 Kd5 53. Kxg5 e4 54. Kf4 Kd4 55. g5 e3 56. Kf3 Kd3 57. g6 e2 58. g7 e1=Q 59. Kg2 Qe4+ 60. Kf1 Qf3+ 0-1

[Event "44th Chess Olympiad Women 2022"]
[Site "Chennai"]
[Date "2022.08.03"]
[Round "6.66"]
[White "Ahmed, Najla"]
[Black "Benson, Maud"]
[Result "0-1"]
[WhiteElo "1176"]
[BlackElo "1334"]
[Annotator "NA RC"]
[PlyCount "80"]
[EventDate "2022.??.??"]
[TimeControl "60"]

1. c4 Nf6 2. d4 g6 3. Nc3 Bg7 4. e4 d6 5. Bd3 O-O 6. f4 e5 7. d5 exf4 8.
Bxf4 Nbd7 9. Nf3 Nh5 10. Bg5 f6 11. Be3 Ne5 12. Be2 Bg4 13.
Nd4 Nxc4 14. Bxg4 Nxe3 15. Be6+ Kh8 16. Qe2 Nf4 17. Qf3 Nfxg2+ 18. Ke2 f5 19. Nb3 fxe4 20. Qxe4 Qg5 21. Rag1 Qe5 22. Qxe5 Bxe5 23. h4 Bg3 24. Ne4 Bf4 25. Ng5 Rae8 26. h5 Bxg5 27. hxg6 h6 28. Bf7 Re5 29. Nd4 Nf5+ 30. Kf3 Nxd4+ 31. Kxg2 Kg7 32. Rh5 Ne2 33. Kf3 Nxg1+ 34. Kg4 Rxf7 35. gxf7 Kxf7 36. Rh1 Ne2 37. Rf1+ Kg6 38. Kf3 Rf5+ 39. Kg2 Rxf1 40. Kxf1 Nf4 0-1

[Event "44th Chess Olympiad Women 2022"]
[Site "Chennai"]
[Date "2022.08.03"]
[Round "6.66"]
[White "Felix, Tobi"]
[Black "Almusawi, Maram"]
[Result "1/2-1/2"]
[WhiteElo "1460"]
[BlackElo "1349"]
[Annotator "NA RC"]
[PlyCount "88"]
[EventDate "2022.??.??"]
[TimeControl "60"]

1. d4 d5 2. Bf4 e6 3. e3 Bd6 4. Bg3 Nf6 5. Nf3 c6 6. Nbd2 Qe7 7. Bd3 Nbd7 8.
c3 b6 9. Qe2 e5 10. dxe5 Nxe5 11. Nxe5 Bxe5 12. Bxe5 Qxe5 13. Nf3 Qc7 14. h3 h6 15. O-O O-O 16. Rfd1 Re8 17. c4 dxc4 18. Bxc4 Be6 19. Rac1 c5 20. Bxe6 Rxe6 21. Nd4 Rd6 22. Rd3 Qd7 23. Qf3 Rd8 24. Rdc3 cxd4 25. Rc7 Qe6 26. exd4 Rxd4 27. Qb7 Qxa2 28. Rc8 Rxc8 29. Rxc8+ Kh7 30. Qc7 Rd7 31. Qc2+ g6 32. Qc3 Qe6 33. Kh2 Qd6+ 34. g3 Rd8 35. Rc6 Qd4 36. Rxf6 Qxc3 37. bxc3 Kg7 38. Rc6 Rd2 39. Kg2 Rc2 40. Rc7 a5 41. Rb7 Rxc3 42. Rxb6 Ra3 43. Ra6 Ra1 44. h4 a4 1/2-1/2

[Event "44th Chess Olympiad Women 2022"]
[Site "Chennai"]
[Date "2022.08.03"]
[Round "6.68"]
[White "Cabral, Sylvi"]
[Black "Oyenga, Justine Anassika"]
[Result "1/2-1/2"]
[WhiteElo "1100"]
[BlackElo "1223"]
[Annotator "NA RC"]
[PlyCount "80"]
[EventDate "2022.??.??"]
[TimeControl "60"]

1. e4 c5 2. Nf3 Nc6 3. Bb5 g6 4. O-O Bg7 5. c3 Nf6 6. Re1 O-O 7. d4 a6 8. Bxc6 dxc6 9. e5 Ne8 10. dxc5 Qxd1 11. Rxd1 Bg4 12. Bf4 Nc7 13. h3 Bxf3 14. gxf3 Ne6 15. Bg3 Nxc5 16. Na3 b5 17. b4 Ne6 18. Rd7 Rfe8 19. Nc2 c5 20. Ne3 Rad8 21. Ra7 cxb4 22. cxb4 Nd4 23. Kg2 Nc6 24. Rxa6 Nxe5 25. Bxe5 Bxe5 26. Rc1 h5 27. Rc5 Bd4 28. Rxb5 Bxe3 29. fxe3 f5 30. Rxg6+ Kh7 31. Ra6 Rg8+ 32. Kh2 Rd2+ 33. Kh1 Rdg2 34. h4 Rg1+ 35. Kh2 R8g2+ 36. Kh3 Rg3+ 37. Kh2 R1g2+ 38. Kh1 Rg1+ 39. Kh2 R3g2+ 40. Kh3 Rf2 1/2-1/2

[Event "44th Chess Olympiad Women 2022"]
[Site "Chennai"]
[Date "2022.08.03"]
[Round "6.68"]
[White "Esse, Akua Kosife"]
[Black "Sagastegui, Thamara"]
[Result "0-1"]
[WhiteElo "1329"]
[BlackElo "1362"]
[Annotator "NA RC"]
[PlyCount "74"]
[EventDate "2022.??.??"]
[TimeControl "60"]

1. d4 d5 2. c3 Nf6 3. e3 c5 4. f4 Bg4 5. Be2 Bxe2 6. Qxe2 e6 7. Qb5+ Qd7 8.
Qxd7+ Nbxd7 9. Nf3 Ne4 10. Ne5 Ndf6 11. Nd2 Bd6 12. O-O O-O 13. c4 Nxd2 14. Bxd2 Ne4 15. Bc3 Bxe5 16. fxe5 dxc4 17. Rf4 Nxc3 18. bxc3 cxd4 19. exd4 b5 20. Rb1 Rab8 21. Rf2 Rb6 22. Rfb2 Rfb8 23. a3 Kf8 24. Ra1 Ke7 25. Kf2 f6 26. Re1 Rd8 27. Kf3 fxe5 28. Rxe5 Rd5 29. Ke4 Kd6 30. Rxd5+ exd5+ 31. Kf5 Rb7 32. Re2 Rf7+ 33. Kg5 Re7 34. Rxe7 Kxe7 35. h4 a5 36. h5 b4 37. axb4 axb4 0-1